 Dungeon Crawl Stone Soup version 0.31-a0-1405-g2bb1a01664 (webtiles) character file.

Game seed: 4384655571336413242

33683 jasper the Mimic (level 13, 0/113 HPs)
             Began as a Grey Draconian Shapeshifter on Dec 25, 2023.
             Was an Elder of Wu Jian.
             Slain by a pharaoh ant (20 damage)
             ... on level 3 of the Lair of Beasts.
             The game lasted 00:21:41 (13687 turns).

jasper the Mimic (Grey Draconian Shapeshifter)     Turns: 13687, Time: 00:21:41

Health: 0/113      AC: 22    Str: 22    XL:     13   Next: 38%
Magic:  13/13      EV: 22    Int: 11    God:    Wu Jian [****..]
Gold:   1104       SH:  5    Dex: 16    Spells: 12/12 levels left

rFire   + .          .
                       - Unarmed
rCold   + . .        p - melded +0 kite shield
rNeg    . . .        (body armour unavailable)
rPois   +            Z - +2 hat
rElec   +            F - +0 cloak
rCorr   .            I - melded +0 pair of gloves
SInv    .            W - +1 pair of boots of Protective Custody {rF+ rC+}
Will    .....        o - amulet of reflection
Stlth   +            h - ring of the Devil {rElec rPois Str+6}
HPRegen 0.38/turn    q - +4 ring of protection
MPRegen 0.13/turn

%: reflection
@: blade hands, in a heavenly storm, glowing
A: AC +13, amphibious, unfitting armour, cold-blooded
a: Begin Untransformation, Renounce Religion, Wall Jump, Serpent's Lash


You were on level 3 of the Lair of Beasts.
You worshipped Wu Jian.
Wu Jian was greatly pleased with you.
You had blades for hands.
You visited 3 branches of the dungeon, and saw 16 of its levels.
You also visited: Sewer, Ossuary and Gauntlet.

You collected 1104 gold pieces.

Inventory:

Missiles
 e - 101 stones (quivered)
 j - 12 javelins
 n - 8 poisoned darts
 x - 3 throwing nets
 J - 9 curare-tipped darts
Armour
 p - a +0 kite shield (melded)
 F - a +0 cloak (worn)
 I - a +0 pair of gloves (melded)
 K - a +0 kite shield
 U - a +2 pair of gloves of infusion
 W - the +1 pair of boots of Protective Custody (worn) {rF+ rC+}
   (You found it in a Gauntlet)

   rF+:       It protects you from fire.
   rC+:       It protects you from cold.
 Z - a +2 hat (worn)
Jewellery
 f - a +6 ring of strength
 h - the ring of the Devil (left blade hand) {rElec rPois Str+6}
   (You acquired it on level 2 of the Dungeon)

   [ring of strength]

   Str+6:     It affects your strength (+6).
   rElec:     It insulates you from electricity.
   rPois:     It protects you from poison
 m - the ring of Gozag's Castigation {^Drain Fly Will+ rCorr Int+3}
   (You found it on level 2 of the Lair of Beasts)

   [ring of flight]

   Int+3:     It affects your intelligence (+3).
   Will+:     It increases your willpower.
   Fly:       It grants you flight.
   rCorr:     It protects you from acid and corrosion.
   ^Drain:    It drains your maximum health when unequipped.
 o - an amulet of reflection (around neck)
 q - a +4 ring of protection (right blade hand)
 y - a +6 ring of strength
 C - a ring of magical power
 O - the ring of Dour {rElec rN+ rCorr Stlth-}
   (You found it on level 11 of the Dungeon)

   [ring of resist corrosion]

   rElec:     It insulates you from electricity.
   rN+:       It protects you from negative energy.
   rCorr:     It protects you from acid and corrosion.
   Stlth-:    It makes you less stealthy.
 P - an amulet of guardian spirit
 R - a ring of protection from cold
Talismans
 b - a beast talisman
 c - a flux talisman
 g - a maw talisman
 L - a blade talisman (active)
Wands
 k - a wand of polymorph (5)
 D - a wand of flame (38)
 M - a wand of quicksilver (9)
 N - a wand of paralysis (5)
 Q - a wand of roots (5)
Scrolls
 d - 9 scrolls of teleportation
 l - 2 scrolls of immolation
 v - a scroll of poison
 E - 2 scrolls of enchant weapon
 G - a scroll of fog
 S - 4 scrolls of identify
 T - a scroll of enchant armour {unknown}
 V - a scroll of blinking
 Y - a scroll of vulnerability
Potions
 a - 4 potions of lignification
 i - 4 potions of curing
 r - 5 potions of haste
 s - 2 potions of attraction
 t - 3 potions of heal wounds
 u - 2 potions of mutation {unknown}
 w - 5 potions of brilliance {unknown}
 z - 7 potions of enlightenment
 A - a potion of resistance {unknown}
 H - a potion of magic {unknown}
Miscellaneous
 X - a tin of tremorstones (1/2)


   Skills:
 - Level 10.0 Fighting
 - Level 10.0 Dodging
 - Level 12.0 Unarmed Combat
 + Level 13.9 Shapeshifting


You had 12 spell levels left.
You didn't know any spells.
Your spell library contained the following spells:

 Spells                   Type           Power      Damage    Failure   Level
 Freeze                   Ice            0%         1d3       34%         1
 Mercury Vapours          Alch/Air       0%         N/A       47%         2
 Frozen Ramparts          Ice            0%         1d1       71%         3
 Hailstorm                Conj/Ice       0%         3d5       71%         3
 Mephitic Cloud           Conj/Alch/Air  0%         N/A       71%         3
 Ignite Poison            Fire/Alch      0%         N/A       98%         4
 Sticky Flame             Fire/Alch      0%         2d4       98%         4
 Freezing Cloud           Conj/Ice/Air   0%         6-21      100%        5
 Ignition                 Fire           0%         3d3       100%        8


Dungeon Overview and Level Annotations

Branches:
Dungeon (12/15)            Temple (1/1) D:5            Lair (3/5) D:9
 Shoals (0/4) Lair:2        Sewer (visited)         Ossuary (visited)
Gauntlet (visited)
  Snake: Lair:2-3    Spider: Lair:2-3       Orc: D:9-12

Altars:
Cheibriados
Dithmenos
Elyvilon
Fedhas
Gozag
Kikubaaqudgha
Makhleb
Nemelex Xobeh
Okawaru
Qazlal
Ru
Sif Muna
Trog
Uskayaw
Vehumet
Wu Jian
Xom
Yredelemnul
Zin
The Shining One

Shops:
D:4 (   D:11 [

Portals:
Trove: D:11 (give 18 potions of curing)

Annotations:
D:4 3 runed translucent doors, jasper's ghost, amateur DgEE


Innate Abilities, Weirdness & Mutations

You have blades for hands.
You are incapable of wielding weapons or throwing items.
Your dull iron-grey scales are very hard. (AC +13)
You are amphibious.
You cannot fit into any form of body armour.
You are cold-blooded and may be slowed by cold attacks.


Message History

The air is filled with shimmering golden clouds!
Sifu Ma Yunglu says: The storm will not cease as long as you keep fighting, disciple!
You can no longer summon a storm of heavenly clouds.
You hear an angry hiss.
The rime drake closely misses you. The scorpion completely misses you.
The bullfrog hits you but does no damage.
The pharaoh ant bites you but does no damage.
The basilisk completely misses you. The rime drake completely misses you.
You spin and attack the basilisk.
You slice the basilisk!! You tail-slap the basilisk.
The basilisk is almost dead.
You spin and attack the bullfrog.
You slash the bullfrog!
The bullfrog is heavily wounded.
The bullfrog hits you but does no damage.
The bullfrog completely misses you. The basilisk gazes at you.
You easily resist.
You slice the basilisk!!
You kill the basilisk!
The Council accepts your kill.
You hear an angry hiss.
The bullfrog barely misses you. The rime drake closely misses you.
You shred the rime drake!!!
You kill the rime drake!
The Council accepts your kill.
You hear an angry hiss.
The pharaoh ant closely misses you. You block the bullfrog's attack.
The pharaoh ant completely misses you.
You hit the bullfrog. You tail-slap the bullfrog.
You kill the bullfrog!
The Council accepts your kill. The pharaoh ant bites you!!
* * * LOW HITPOINT WARNING * * *
You take 25 damage, and have 20/113 hp.
MASSIVE DAMAGE!!
You slice the scorpion!!
You kill the scorpion!
The Council accepts your kill.
You hear a croak.
The pharaoh ant bites you!!
You die...

##............
#..............
#......#.......
##..(.#........
#......#.......
#☼§☼☼##.......
##○°°°.........
#○°B☼☼...P.P...
#°☼@○○..PPPPPPP
##○☼○°#...~~~~P #
#○°○☼○....~†~~P P.#.
#.....#...~~~~P
...#.###........~~~~P
............#...~~~~P
#..#.....###...PPPPPP
.....#..###.#........
...........^........


You could see a pharaoh ant.

Vanquished Creatures
  Gastronok (Lair:1)
  A minotaur (Gauntlet)
  An entropy weaver (Gauntlet)
  A vault guard (D:11)
  A hydra (Lair:2)
  A catoblepas (Lair:1)
  3 two-headed ogres
  A centaur warrior (D:11)
  5 death yaks (D:9)
  Sonja (D:11)
  Nergalle (D:11)
  A cyclops (D:7)
  An ugly thing (D:7)
  Maurice (D:10)
  A manticore (D:11)
  A merfolk siren (Lair:2)
  4 elephants (Lair:2)
  3 cane toads
  2 black mambas (Lair:2)
  2 komodo dragons
  A freezing wraith (D:11)
  A kobold demonologist (D:11)
  3 rime drakes
  A queen bee (Gauntlet)
  A troll (D:7)
  Grinder (D:5)
  A merfolk (Lair:2)
  3 hornets
  2 polar bears (D:11)
  5 blink frogs (Lair:1)
  Prince Ribbit (D:5)
  Sigmund (D:6)
  A shadow (D:11)
  A wraith (D:7)
  43 yaks
  3 wyverns
  3 basilisks
  2 vampire mosquitoes (D:10)
  A redback (Gauntlet)
  A steam dragon (D:7)
  An acid dragon (D:11)
  Menkaure (D:5)
  4 water moccasins
  A sky beast (D:7)
  2 orc warriors
  2 ice beasts
  4 centaurs
  15 wolves
  3 ogres
  A phantom (D:6)
  A brain worm (Sewer)
  Blork the orc (D:5)
  9 bullfrogs
  3 scorpions
  A gnoll sergeant (D:10)
  13 wights
  7 killer bees
  A bombardier beetle (D:5)
  2 howler monkeys
  An electric eel (Lair:3)
  2 jellies
  3 orc priests
  A hound (D:5)
  2 gnoll boudas (D:5)
  2 iguanas (D:6)
  7 orc wizards
  Terence (D:2)
  8 mummies (Ossuary)
  15 gnolls
  11 adders
  5 river rats (Sewer)
  A shadow imp (D:7)
  3 white imps
  3 worms
  24 orcs
  10 ball pythons
  8 endoplasms
  3 giant cockroaches
  5 goblins
  5 hobgoblins
  3 jackals
  3 quokkas
  14 bats
  9 frilled lizards
  2 hobgoblin zombies (Ossuary)
  6 kobolds
  2 kobold zombies (Ossuary)
  4 orc zombies (Ossuary)
  8 rats
352 creatures vanquished.

Vanquished Creatures (others)
  A centaur (D:7)
1 creature vanquished.

Grand Total: 353 creatures vanquished

Notes
Turn   | Place    | Note
-------+----------+-------------------------------------------
     0 | D:1      | jasper the Draconian Shapeshifter began the quest for the
                  | Orb.
     0 | D:1      | Reached XP level 1. HP: 16/16 MP: 1/1
   296 | D:1      | Reached XP level 2. HP: 23/23 MP: 2/2
   913 | D:2      | Reached skill level 4 in Shapeshifting
   946 | D:2      | Reached XP level 3. HP: 28/28 MP: 3/3
  1088 | D:2      | Noticed Terence
  1104 | D:2      | Killed Terence
  1673 | D:2      | Identified a scroll of acquirement
  1673 | D:2      | Acquired the ring of the Devil {rElec rPois Str+6}
  1727 | D:3      | Reached XP level 4. HP: 35/35 MP: 4/4
  2232 | D:3      | Reached skill level 5 in Shapeshifting
  2465 | D:3      | Reached XP level 5. HP: 40/40 MP: 5/5
  2524 | D:3      | Found a blossoming altar of Fedhas.
  2955 | D:4      | Reached skill level 6 in Shapeshifting
  3250 | D:4      | Found Anete's Weapon Emporium.
  3260 | D:4      | Found a runed translucent gate.
  3261 | D:4      | Found a runed translucent gate.
  3262 | D:4      | Found a runed translucent gate.
  3264 | D:4      | Found an opulent altar of Gozag.
  3265 | D:4      | Noticed a water moccasin
  3266 | D:4      | Noticed jasper's ghost (amateur DgEE)
  3402 | D:4      | Reached XP level 6. HP: 47/47 MP: 6/6
  3553 | D:5      | Entered Level 5 of the Dungeon
  3636 | D:5      | Noticed Prince Ribbit
  3646 | D:5      | Killed Prince Ribbit
  3647 | D:5      | Reached skill level 7 in Shapeshifting
  3756 | D:5      | Found a sand-covered staircase.
  3762 | Ossuary  | Entered an ossuary
  3776 | Ossuary  | Your scales start taking on a dull iron-grey colour.
  3776 | Ossuary  | Reached XP level 7. HP: 52/52 MP: 7/7
  4002 | D:5      | Noticed Grinder
  4012 | D:5      | Killed Grinder
  4013 | D:5      | Reached skill level 8 in Shapeshifting
  4267 | D:5      | Noticed Blork the orc
  4277 | D:5      | Killed Blork the orc
  4396 | D:5      | Noticed Menkaure
  4403 | D:5      | Killed Menkaure
  4404 | D:5      | Reached XP level 8. HP: 62/62 MP: 8/8
  4420 | D:5      | Found a staircase to the Ecumenical Temple.
  4429 | Temple   | Entered the Ecumenical Temple
  4434 | Temple   | Became a worshipper of the Wu Jian Council
  4701 | D:5      | Reached skill level 5 in Unarmed Combat
  4885 | D:6      | Found an iron altar of Okawaru.
  5017 | D:6      | Found a glowing golden altar of the Shining One.
  5019 | D:6      | Noticed Sigmund
  5026 | D:6      | Killed Sigmund
  5175 | D:6      | Found a glowing drain.
  5180 | Sewer    | Entered a sewer
  5316 | Sewer    | Reached * piety under Wu Jian
  5601 | Sewer    | Reached XP level 9. HP: 72/72 MP: 9/9
  5827 | D:7      | Reached skill level 5 in Fighting
  5901 | D:7      | Noticed a green ugly thing
  5905 | D:7      | Reached ** piety under Wu Jian
  5920 | D:7      | Noticed a troll
  5921 | D:7      | Killed a white ugly thing
  5922 | D:7      | Reached skill level 5 in Dodging
  5928 | D:7      | Killed a troll
  5941 | D:7      | Noticed a cyclops
  5951 | D:7      | Killed a cyclops
  5952 | D:7      | Reached XP level 10. HP: 17/84 MP: 10/10
  6640 | D:8      | Noticed a two-headed ogre
  6647 | D:8      | Killed a two-headed ogre
  6648 | D:8      | Found a snail-covered altar of Cheibriados.
  6672 | D:8      | Found an opulent altar of Gozag.
  6746 | D:8      | Reached skill level 10 in Unarmed Combat
  6910 | D:8      | Found a glowing silver altar of Zin.
  7165 | D:9      | Noticed a two-headed ogre
  7200 | D:9      | Killed a two-headed ogre
  7323 | D:9      | Reached *** piety under Wu Jian
  7479 | D:9      | Noticed a death yak
  7481 | D:9      | Found a staircase to the Lair.
  7481 | D:9      | Noticed a death yak
  7481 | D:9      | Noticed a death yak
  7482 | D:9      | Noticed a death yak
  7483 | D:9      | Noticed a death yak
  7494 | D:9      | Killed a death yak
  7511 | D:9      | Killed a death yak
  7512 | D:9      | Reached XP level 11. HP: 55/95 MP: 11/11
  7524 | D:9      | Killed a death yak
  7534 | D:9      | Killed a death yak
  7540 | D:9      | Killed a death yak
  7842 | D:9      | Found a burning altar of Makhleb.
  8349 | D:9      | Found a sparkling altar of Nemelex Xobeh.
  8411 | D:10     | Entered Level 10 of the Dungeon
  8662 | D:10     | Found a radiant altar of Vehumet.
  8712 | D:10     | Reached **** piety under Wu Jian
  8797 | D:10     | Noticed a two-headed ogre
  8805 | D:10     | Killed a two-headed ogre
  8873 | D:10     | Reached skill level 10 in Fighting
  9150 | D:10     | Noticed Maurice
  9164 | D:10     | Killed Maurice
  9335 | D:11     | Noticed Sonja
  9359 | D:11     | Killed Sonja
  9491 | D:11     | Noticed Nergalle
  9504 | D:11     | Reached XP level 12. HP: 91/106 MP: 12/12
  9513 | D:11     | Killed Nergalle
  9514 | D:11     | Reached skill level 10 in Dodging
  9518 | D:11     | Noticed a centaur warrior
  9526 | D:11     | Killed a centaur warrior
  9784 | D:11     | Found Wudeu's Antique Armour Emporium.
  9827 | D:11     | Identified the ring of Dour {rElec rN+ rCorr Stlth-}
 10005 | D:11     | Noticed a vault guard
 10018 | D:11     | Killed a vault guard
 10019 | D:11     | Reached skill level 9 in Shapeshifting
 10022 | D:11     | Found a portal to a secret trove of treasure.
 10579 | Lair:1   | Entered Level 1 of the Lair of Beasts
 10681 | Lair:1   | Noticed a catoblepas
 10690 | Lair:1   | Killed a catoblepas
 10691 | Lair:1   | Reached skill level 10 in Shapeshifting
 10982 | Lair:1   | Found a gate leading to a gauntlet.
 10991 | Gauntlet | Entered a Gauntlet
 10991 | Gauntlet | Found a transporter.
 11000 | Gauntlet | Found a transporter.
 11008 | Gauntlet | Noticed a catoblepas
 11015 | Gauntlet | Found a transporter.
 11020 | Gauntlet | Found a transporter.
 11037 | Gauntlet | Found a transporter.
 11055 | Gauntlet | Found a transporter.
 11067 | Gauntlet | Found a transporter.
 11079 | Gauntlet | Found a transporter.
 11091 | Gauntlet | Found a transporter.
 11100 | Gauntlet | Noticed an entropy weaver
 11103 | Gauntlet | Found a transporter.
 11120 | Gauntlet | Found a transporter.
 11138 | Gauntlet | Found a transporter.
 11140 | Gauntlet | Found a transporter.
 11142 | Gauntlet | Found a runed translucent gate.
 11142 | Gauntlet | Found a runed translucent gate.
 11142 | Gauntlet | Found a runed translucent gate.
 11150 | Gauntlet | Found a large runed translucent door.
 11150 | Gauntlet | Found a large runed translucent door.
 11150 | Gauntlet | Found a large runed translucent door.
 11150 | Gauntlet | Found a large runed translucent door.
 11151 | Gauntlet | Found a large runed translucent door.
 11151 | Gauntlet | Found a large runed translucent door.
 11152 | Gauntlet | Found a large runed translucent door.
 11152 | Gauntlet | Found a large runed translucent door.
 11153 | Gauntlet | Found a large runed translucent door.
 11153 | Gauntlet | Found a large runed translucent door.
 11153 | Gauntlet | Found a runed translucent door.
 11153 | Gauntlet | Found a runed translucent door.
 11154 | Gauntlet | Found a large runed translucent door.
 11155 | Gauntlet | Found a large runed translucent door.
 11164 | Gauntlet | Found a large runed translucent door.
 11164 | Gauntlet | Found a large runed translucent door.
 11165 | Gauntlet | Found a large runed translucent door.
 11166 | Gauntlet | Found a large runed translucent door.
 11168 | Gauntlet | Found a transporter.
 11168 | Gauntlet | Found a transporter.
 11188 | Gauntlet | Found a transporter.
 11362 | Gauntlet | Found a transporter.
 11368 | Gauntlet | Found a transporter.
 11430 | Gauntlet | Reached skill level 11 in Shapeshifting
 11474 | Gauntlet | Killed an entropy weaver
 11479 | Gauntlet | Identified the +1 pair of boots of Protective Custody {rF+
                  | rC+}
 11686 | Gauntlet | Noticed a minotaur
 11801 | Gauntlet | Killed a minotaur
 12057 | Lair:1   | Noticed Gastronok
 12093 | Lair:1   | Killed Gastronok
 12094 | Lair:1   | Reached skill level 12 in Shapeshifting
 12518 | Lair:2   | Reached XP level 13. HP: 105/113 MP: 13/13
 12578 | Lair:2   | Reached ***** piety under Wu Jian
 12661 | Lair:2   | Reached skill level 13 in Shapeshifting
 12800 | Lair:2   | Identified the ring of Gozag's Castigation {^Drain Fly
                  | Will+ rCorr Int+3}
 13088 | Lair:2   | Found a staircase to the Shoals.
 13687 | Lair:3   | Slain by a pharaoh ant

Illustrated notes

Levels and vault maps discovered:
D:1:      dpeg_arrival_shrine, layout_basic
D:2:      layout_basic, amethyst_killhole, minivault_23, uniq_terence
D:3:      wander_river, layout_loops_ring, mainiacjoe_overflow_24_doors,
          serial_aquarium, aquarium_bridge_square [aquarium_subvault_bridge,
          aquarium_subvault_window, aquarium_subvault_wall,
          aquarium_subvault_window], aquarium_bridge_island_small
          [aquarium_subvault_small_open, aquarium_subvault_bridge,
          aquarium_subvault_bridge, aquarium_subvault_balcony,
          aquarium_subvault_bridge], aquarium_window_corridor_2,
          aquarium_window_2, aquarium_view_2a, aquarium_pool_2
D:4:      layout_loops_ring, nicolae_overflow_hidden_temple, serial_shops,
          nicolae_shop_tiny_statue_garden, ebering_ghost_gozag,
          dreamdust_wishing_well, chequers_hall_statues_wall_a
D:5:      layout_loops_ring, minmay_temple_entry_mist,
          nicolae_ossuary_entry_plus, grunt_decor_cap,
          kennysheep_big_empty_room, kennysheep_generic_room_6, uniq_menkaure,
          uniq_blork_the_orc, uniq_grinder, uniq_prince_ribbit1
D:6:      layout_basic, okawaru_metal_pillars_3, amcnicky_altar_gilded,
          mainiacjoe_sewer_entry_somewhere_in_here_1, uniq_sigmund
D:7:      minmay_the_grid_octo_2x2 [minmay_the_grid_octo_pinwheel,
          minmay_the_grid_octo_horde, minmay_the_grid_octo_focus,
          minmay_the_grid_octo_prize_ultimate_mussel_roller], layout_rooms,
          lemuel_tele_altar
D:8:      layout_basic, cheibriados_altar_1, grunt_gozag_breadcrumbs,
          nicolae_overflow_crystal_walls
D:9:      layout_roguey, mainiacjoe_overflow_alcove_4, bloody_makhleb,
          dpeg_lair_monsters
D:10:     layout_loops_cross, vehumet_crystals, uniq_maurice
D:11:     layout_rooms, enter_trove_5, portal_ice_cave_entry_animals_and_master,
          serial_shops, shop, uniq_sonja, uniq_nergalle
D:12:     lemuel_troll_bridge, layout_grid_maze, orc_0_dummy, uniq_josephine
Temple:   hellmonk_temple_of_storms
Lair:1:   layout_regular_city, gauntlet_entry_generic, uniq_gastronok
Lair:2:   layout_chaotic_city, elwin_shoals_entry_rooms
Lair:3:   regret_index_harrowing_hell_hive, layout_gridlike,
          nicolae_spider_entry_lesser_pyramids

Skill      XL: |  1  2  3  4  5  6  7  8  9 10 11 12 13 |
---------------+----------------------------------------+-----
Shapeshifting  | 4 5 6 7 8 12 13 | 13.9
Dodging        | 2 4 5 7 9 10 | 10.0
Fighting       | 2 4 6 8 10 | 10.0
Unarmed Combat | 4 6 9 11 12 | 12.0

Action                     |  1- 3 |  4- 6 |  7- 9 | 10-12 | 13-15 || total
---------------------------+-------+-------+-------+-------+-------++-------
  Melee: Unarmed           |    90 |   151 |   357 |   678 |   124 ||  1400
         Tailslap          |    11 |    20 |    61 |   124 |    21 ||   237
         Punch             |       |     3 |       |     9 |    10 ||    22
         Maw               |       |       |       |       |     6 ||     6
 Invoke: Heavenly Storm    |       |       |       |       |     1 ||     1
Ability: Lunge             |       |       |    15 |    31 |     4 ||    50
         Whirlwind         |       |       |     6 |    33 |    12 ||    51
  Evoke: Tin of tremorston |       |       |       |       |     1 ||     1
    Use: Scroll            |     4 |       |     7 |     9 |       ||    20
         Potion            |       |       |       |     1 |       ||     1
   Stab: Sleeping          |       |       |       |       |     1 ||     1
 Armour: Skin              |    46 |    67 |   122 |   306 |   183 ||   724
  Dodge: Dodged            |    50 |    57 |   270 |   481 |   113 ||   971
  Block: Other             |       |     5 |    73 |   118 |    19 ||   215
         Kite shield       |       |    18 |       |       |    18 ||    36
         Reflection        |       |       |       |     4 |       ||     4
   Form: Flux              |       |     1 |       |       |       ||     1
         Blade             |       |       |       |     1 |     1 ||     2
         Maw               |       |       |       |       |     1 ||     1

Table legend: (Time is in decaauts)
 A = Elapsed time spent in this place.
 B = Non-inter-level travel time spent in this place.
 C = Inter-level travel time spent in this place.
 D = Time resting spent in this place.
 E = Time spent auto-exploring this place.
 F = Levels seen in this place.
 G = Mean time per level.
                   A        B        C        D        E       F      G
               +--------+--------+--------+--------+--------+-----+--------+
         Total |  13590 |  13021 |    569 |    712 |   8998 |  19 |  715.3 |
       Dungeon |   9853 |   9315 |    538 |    449 |   6961 |  12 |  821.1 |
        Temple |     10 |      6 |      4 |      0 |      0 |   1 |   10.0 |
          Lair |   2185 |   2158 |     27 |      0 |   1380 |   3 |  728.3 |
         Sewer |    417 |    417 |      0 |      0 |    187 |   1 |  417.0 |
       Ossuary |    209 |    209 |      0 |      0 |     96 |   1 |  209.0 |
      Gauntlet |    914 |    914 |      0 |    263 |    374 |   1 |  914.0 |
               +--------+--------+--------+--------+--------+-----+--------+

Top non-repeatable levels by time:
     D:9: 1265 daAuts
    D:11: 1187 daAuts
  Lair:2: 1127 daAuts
     D:2: 1102 daAuts
     D:3: 1096 daAuts
     D:5: 1015 daAuts
  Lair:1: 1002 daAuts
Gauntlet: 914 daAuts
    D:10: 906 daAuts
     D:8: 836 daAuts
     D:4: 763 daAuts
     D:1: 621 daAuts
     D:7: 539 daAuts
     D:6: 516 daAuts
   Sewer: 417 daAuts
